 Dungeon Crawl Stone Soup version 0.31-a0-233-g139696dc86 (webtiles) character file.

Game seed: 15461899085741398837

88 qw the Shooter (level 4, 0/26 HPs)
             Began as a Gargoyle Hexslinger on July 8, 2023.
             Slain by an orc priest
             ... wielding a +0 flail
              (6 damage)
             ... on level 3 of the Dungeon.
             The game lasted 00:00:51 (1822 turns).

qw the Shooter (Gargoyle Hexslinger)                Turns: 1822, Time: 00:00:51

Health: 0/26       AC:  8    Str: 11    XL:     4   Next: 54%
Magic:  5/5        EV: 10    Int: 14    God:
Gold:   128        SH:  0    Dex: 14    Spells: 4/5 levels left

rFire   . . .        Y - +1 sling
rCold   . . .        (no shield)
rNeg    + . .        e - +0 ring mail
rPois   inf          (no helmet)
rElec   +            (no cloak)
rCorr   .            (no gloves)
SInv    .            (no boots)
Will    .....        (no amulet)
Stlth   +            (no ring)
HPRegen 0.24/turn    (no ring)
MPRegen 0.09/turn

%: no passive effects
@: no status effects
A: sickness immunity, AC +3, negative energy resistance 1, electricity
resistance, torment resistance 1, petrification resistance
a: no special abilities


You were on level 3 of the Dungeon.
You visited 1 branch of the dungeon, and saw 3 of its levels.

You collected 128 gold pieces.


Innate Abilities, Weirdness & Mutations

You are immune to sickness and miasma.
Your stone body is resilient. (AC +3)
You are immune to poison.
You resist negative energy. (rN+)
You are resistant to electric shocks. (rElec)
You are resistant to unholy torment.
You are immune to petrification.


   Skills:
 - Level 2.0 Fighting
 + Level 4.1 Ranged Weapons
 - Level 1.0 Armour
 - Level 1.5 Dodging
 - Level 1.0 Spellcasting
 - Level 2.6 Hexes


You had 4 spell levels left.
You knew the following spells:

 Your Spells              Type           Power      Damage    Failure   Level
a - Slow                  Hex            32%        N/A       21%         1

Your spell library contained the following spells:

 Spells                   Type           Power      Damage    Failure   Level
 Inner Flame              Hex/Fire       4%         N/A       71%         3
 Portal Projectile        Hex/Tloc       8%         N/A       71%         3
 Cause Fear               Hex            4%         N/A       90%         4

Inventory:

Hand Weapons
 Y - a +1 sling (weapon)
Armour
 e - a +0 ring mail (worn)
Jewellery
 f - a ring of ice
Scrolls
 a - a scroll of identify
 b - a scroll of vulnerability {unknown}
 c - 2 scrolls of enchant armour
Potions
 d - 2 potions of curing
 g - a potion of resistance {unknown}

Dungeon Overview and Level Annotations

Branches:
Dungeon (3/15)

Altars:


Message History

You shoot a sling bullet.
The sling bullet barely misses the orc. x2
The orc priest begins to cast a cantrip, but forgets the words!
The orc barely misses you. The orc hits you but does no damage.
You shoot a sling bullet. The sling bullet hits the orc.
The orc is severely wounded.
You shoot a sling bullet. The sling bullet hits the orc.
You kill the orc!
The orc priest invokes the aid of Beogh against you.
Beogh smites you!
You shoot a sling bullet. The sling bullet barely misses the orc.
The sling bullet hits the orc priest.
The orc priest is lightly wounded.
The orc misses you. The orc hits you but does no damage.
The orc priest looks encouraged for a moment.
The orc hits you but does no damage. The orc closely misses you.
You shoot a sling bullet. The sling bullet hits the orc.
The orc is lightly wounded.
The orc barely misses you.
You shoot a sling bullet.
The sling bullet closely misses the orc.
The orc barely misses you. The orc hits you but does no damage.
You shoot a sling bullet. The sling bullet barely misses the orc.
The orc hits you but does no damage. The orc closely misses you.
The orc barely misses you. The orc priest closely misses you.
The orc hits you but does no damage.
You shoot a sling bullet. The sling bullet hits the orc priest.
The orc priest is moderately wounded.
The orc hits you but does no damage.
The orc priest hits you but does no damage.
The orc misses you.
You shoot a sling bullet.
The sling bullet closely misses the orc priest.
The orc hits you but does no damage.
The orc priest invokes the aid of Beogh against you.
Pain shoots through your body! The orc hits you with a +0 dagger.
You shoot a sling bullet. The sling bullet hits the orc priest.
The orc priest is moderately wounded.
The orc hits you with a +0 flail. The orc hits you with a +0 dagger.
The orc priest hits you with a +0 flail.
You die...

....
#.........#
....
#......%..#
....
#.........#
....
#######'#.#
....
#.#.#######
....
#.........#
###..
###%#####.#
....# #.#
....# #@#
###.#
#.$ooo...#
#...........
#...........
###.#
#.........##
....#
#...........
#####
...........#
...#
............#
...#


You could see an orc priest and 2 orcs.

Vanquished Creatures
  An adder (D:2)
  3 gnolls (D:2)
  A worm (D:3)
  An orc (D:3)
  4 bats
  5 endoplasms
  4 giant cockroaches
  6 goblins
  5 hobgoblins
  2 quokkas
  5 frilled lizards
  2 kobolds (D:3)
  6 rats
45 creatures vanquished.

Notes
Turn   | Place    | Note
-------+----------+-------------------------------------------
     0 | D:1      | qw the Gargoyle Hexslinger began the quest for the Orb.
     0 | D:1      | Reached XP level 1. HP: 12/12 MP: 2/2
     0 | D:1      | 0 ||| qw: Version: 0.3-a-46-gb1f654a
     0 | D:1      | 0 ||| qw: Game counter: 3430
     0 | D:1      | 0 ||| qw: Melee chars always use a shield: true
     0 | D:1      | 0 ||| qw: God list: Okawaru
     0 | D:1      | 0 ||| qw: Allow faded altars: false
     0 | D:1      | 0 ||| qw: Do Orc after clearing Dungeon:15 true
     0 | D:1      | 0 ||| qw: Do second Lair branch before Depths: true
     0 | D:1      | 0 ||| qw: Lair rune preference: random
     0 | D:1      | 0 ||| qw: Goals: Normal
     0 | D:1      | 0 ||| PLANNING D:1-11
   399 | D:1      | 399 ||| UPGRADING to +0 ring mail.
   408 | D:1      | HP: 2/12 [hobgoblin (4)]
   412 | D:1      | Reached XP level 2. HP: 2/16 MP: 3/3
   471 | D:1      | 471 ||| UPGRADING to +0 ring mail.
   481 | D:1      | 481 ||| DROPPING +0 robe.
   482 | D:1      | 482 ||| READING scroll labelled QASTRY FOIDUGY.
   483 | D:1      | 483 ||| READING scroll labelled SOYKUO KICU.
   484 | D:1      | 484 ||| READING scroll labelled YFIUD EFYRI.
   485 | D:1      | 485 ||| DRINKING 2 sapphire potions.
   486 | D:1      | 486 ||| DROPPING scroll of poison.
   766 | D:1      | 766 ||| READING scroll labelled REFAISAINN.
   767 | D:1      | 767 ||| READING scroll labelled SANAPN MECUOM.
   809 | D:2      | Reached skill level 3 in Ranged Weapons
   825 | D:2      | Reached XP level 3. HP: 21/21 MP: 4/4
   826 | D:2      | 826 ||| Stepping ~*~*~tactically~*~*~ (water).
  1084 | D:2      | Reached XP level 4. HP: 26/26 MP: 5/5
  1102 | D:2      | Reached skill level 4 in Ranged Weapons
  1102 | D:2      | Found a faded altar of an unknown god.
  1453 | D:2      | 1453 ||| READING 2 scrolls of identify.
  1453 | D:2      | 1453 ||| IDENTIFYING smoky dark potion
  1454 | D:2      | 1454 ||| DROPPING potion of degeneration.
  1595 | D:3      | Reached skill level 1 in Armour
  1617 | D:3      | Identified the +5 mace of Bankruptcy {speed, rPois rCorr}
  1822 | D:3      | HP: 6/26 [orc/+0 dagger (2)]
  1822 | D:3      | Slain by an orc priest

Levels and vault maps discovered:
D:1:      heliophobic_arrival_dark_side_of_the_moon, layout_loops_ring,
          hex_medium, minmay_nonomino_d4
D:2:      layout_basic, chequers_ecumenical_altar_island,
          hangedman_decor_growths, chequers_big_river
D:3:      layout_basic

Skill      XL: |  1  2  3  4 |
---------------+-------------+-----
Ranged Weapons | 3 4 |  4.1
Fighting       | 2 |  2.0
Armour         | 1 |  1.0
Dodging        | |  1.5
Spellcasting   | |  1.0
Hexes          | |  2.6

Action                     |  1- 3 |  4- 6 || total
---------------------------+-------+-------++-------
   Fire: Sling             |    77 |    69 ||   146
    Use: Scroll            |     5 |     1 ||     6
         Potion            |     1 |       ||     1
 Armour: Robe              |     6 |       ||     6
         Ring mail         |     6 |    19 ||    25
  Dodge: Dodged            |    19 |    24 ||    43

Table legend:
 A = Non-vault XP
 B = Vault XP
 C = Vault XP percentage of total XP
 D = Non-vault monster count
 E = Vault monster count
 F = Vault count percentage of total count
                 A         B        C        D         E       F
            +---------+---------+-------+---------+---------+-------
      Total |     117 |      10 |   7.9 |      39 |       6 |  13.3
            +---------+---------+-------+---------+---------+-------
        D:1 |       7 |      10 |  58.8 |       5 |       6 |  54.5
        D:2 |      84 |       0 |   0.0 |      20 |       0 |   0.0
        D:3 |      26 |       0 |   0.0 |      14 |       0 |   0.0
            +---------+---------+-------+---------+---------+-------
